 Dungeon Crawl Stone Soup version 0.20-a0-1124-g2e29d97 (webtiles) character file.

53 Naow the Firebug (level 3, -1/21 HPs)
             Began as an Octopode Fire Elementalist on May 16, 2017.
             Killed from afar by Sigmund (6 damage)
             ... with a magic dart
             ... on level 2 of the Dungeon.
             The game lasted 00:01:59 (1412 turns).

Naow the Firebug (Octopode Fire Elementalist)       Turns: 1412, Time: 00:02:00

Health: -1/21      AC:  1    Str:  7    XL:     3   Next: 89%
Magic:  4/6        EV: 13    Int: 18    God:
Gold:   88         SH:  0    Dex: 12    Spells: 1/7 levels left

rFire    . . .     SeeInvis .   h - +0 dagger
rCold    . . .     Gourm    .   (no shield)
rNeg     . . .     Faith    .   (helmet restricted)
rPois    .         Spirit   .   (no amulet)
rElec    .         Reflect  .   (no ring)
rCorr    .         Harm     .   (no ring)
MR       .....                  (no ring)
Stlth    +++.......             (no ring)
Regen    0.1/turn               (no ring)
MPRegen  0.1/turn               (no ring)
                                (no ring)
                                (no ring)

@: no status effects
A: almost no armour, stealthy swim, amphibious, 8 rings, constrict 8, camouflage
1, gelatinous body 1
a: no special abilities


You were on level 2 of the Dungeon.
You were not hungry.

You visited 1 branch of the dungeon, and saw 2 of its levels.

You collected 88 gold pieces.

Inventory:

Hand Weapons
 h - a +0 dagger (weapon)
Scrolls
 d - 2 scrolls of remove curse {unknown}
 e - 2 scrolls of fog {unknown}
 f - 2 scrolls of teleportation {unknown}
 g - 2 scrolls of identify {unknown}
 k - a scroll of random uselessness {unknown}
 l - 2 scrolls of enchant weapon {unknown}
Potions
 j - a potion of invisibility {unknown}
 m - a potion of brilliance {unknown}
Books
 a - a book of Flames

   Spells                             Type                      Level
   a - Flame Tongue                   Conjuration/Fire             1
   b - Throw Flame                    Conjuration/Fire             2
   c - Conjure Flame                  Conjuration/Fire             3
   d - Inner Flame                    Hexes/Fire                   3
   e - Sticky Flame                   Conjuration/Fire             4
   f - Fireball                       Conjuration/Fire             5
Comestibles
 b - 2 bread rations
 c - a royal jelly
 i - 2 meat rations
 n - 2 fruits
 o - 2 chunks of flesh


   Skills:
 - Level 2.0 Dodging
 - Level 2.6 Stealth
 + Level 2.6 Spellcasting
 + Level 2.0 Conjurations
 + Level 3.7 Fire Magic


You had one spell level left.
You knew the following spells:

 Your Spells              Type           Power        Failure   Level  Hunger
a - Flame Tongue          Conj/Fire      ##...        5%          1    #......
b - Throw Flame           Conj/Fire      ##....       8%          2    ##.....
c - Conjure Flame         Conj/Fire      ##......     16%         3    ###....


Dungeon Overview and Level Annotations

Branches:
Dungeon (2/15)

Altars:

Annotations:
D:2 Sigmund


Innate Abilities, Weirdness & Mutations

You cannot wear most types of armour.
You are very stealthy in the water. (Stealth+)
You are amphibious.
You can wear up to eight rings at the same time.
You can use your tentacles to constrict eight enemies at once.
Your skin changes colour to match your surroundings (Stealth+).
Your rubbery body absorbs attacks. (AC +1, EV +1)


Message History

You're too confused to cast spells.
You're too confused to cast spells.
Sigmund hits you from afar with a scythe!
You're too confused to cast spells.
You are too confused!
You bump into the rock wall.
Sigmund misses you.
You see here a robe.
You're too confused to cast spells.
Sigmund breathes a few words.
Sigmund's hands start flickering wildly.
Sigmund gestures wildly while chanting.
Sigmund flickers and vanishes!
Deactivating autopickup; reactivate with Ctrl-A.
You're too confused to cast spells.
You're too confused to move!
Something hits you!
* * * LOW HITPOINT WARNING * * *
You feel less confused.
A magic dart appears from out of thin air!
The magic dart hits you!
You die...

.........# .######.##
... .# #.# #.#
.######.# #.#
.....##.## #.#
.........# #.#
####.##>.# # #?#
.........# #.####.###
####.###.###..{.@.$.#
#.# #.......[..#.#
#.# ############.#
#.########## #.#
#..........# #.#
##########.# #.#
#.#####.# #.......#
#########


There were no monsters in sight!

Vanquished Creatures
  A gnoll (D:1)
  2 worms (D:2)
  4 dart slugs (D:1)
  3 ball pythons (D:1)
  3 giant cockroaches (D:1)
  A goblin (D:1)
  A hobgoblin (D:1)
  4 jackals (D:1)
  4 frilled lizards
  3 kobolds
  5 rats
31 creatures vanquished.

Notes
Turn   | Place    | Note
-------+----------+-------------------------------------------
     0 | D:1      | Naow the Octopode Fire Elementalist began the quest for the Orb.
     0 | D:1      | Reached XP level 1. HP: 11/11 MP: 3/3
   146 | D:1      | Reached XP level 2. HP: 17/17 MP: 0/5
   411 | D:1      | Reached XP level 3. HP: 19/21 MP: 0/6
  1142 | D:1      | Learned a level 2 spell: Throw Flame
  1146 | D:1      | Learned a level 3 spell: Conjure Flame
  1399 | D:2      | Noticed Sigmund
  1412 | D:2      | Killed from afar by Sigmund

Vault maps used:
D:1:      onia_arrival_handbag, glass_columns_b, minmay_fountain_box,
          serial_bayou_pond_d
D:2:      uniq_sigmund, uniq_terence

Skill      XL: |  1  2  3 |
---------------+----------+-----
Conjurations   | 2 |  2.0
Dodging        | |  2.0
Stealth        | |  2.6
Spellcasting   | |  2.6
Fire Magic     | |  3.7

Action                   || total
-------------------------++-------
Melee: Unarmed           ||     4
       Constrict         ||     2
       Tentacles         ||     2
       Dagger            ||     6
 Cast: Flame Tongue      ||    57
 Stab: Sleeping          ||     2
  Eat: Chunk             ||     2
Armor: Skin              ||     2
Dodge: Dodged            ||    19
